[Event "Team 45 45 League T85"]
[Site "Internet Chess Club"]
[Date "2020.07.23"]
[Round "4"]
[White "QuieroAprender"]
[Black "Manas"]
[Result "1/2-1/2"]
[WhiteElo "1540"]
[BlackElo "1671"]
[Opening "English, 1...Nf6 (Anglo-Indian defense)"]
[ECO "A15"]
[Time "20:03:49"]
[TimeControl "2700+45"]

1. c4 Nf6 2. g3 e5 3. Bg2 c6 4. Nc3 d5 5. cxd5 cxd5 6. Qa4+ Nc6 7. d3 Bb4 8. Bg5
Be6 9. Nf3 O-O 10. O-O Be7 11. Bxf6 Bxf6 12. e4 d4 13. Nd5 Bxd5 14. exd5 Qxd5
15. Nd2 Qd7 16. Ne4 Be7 17. Rac1 Rac8 18. Nc5 Qc7 19. Nxb7 Qxb7 20. Rxc6 Rxc6
21. Bxc6 Qb6 22. Be4 Rc8 23. f4 exf4 24. Rxf4 Bg5 25. Rf1 {Game drawn by mutual
agreement} 1/2-1/2

[Event "Team 45 45 League T85"]
[Site "Internet Chess Club"]
[Date "2020.07.24"]
[Round "4"]
[White "zappower"]
[Black "julesraider"]
[Result "1-0"]
[WhiteElo "1856"]
[BlackElo "1609"]
[Opening "Caro-Kann: advance variation"]
[ECO "B12"]
[Time "13:00:13"]
[TimeControl "2700+45"]

1. e4 c6 2. d4 d5 3. e5 c5 4. c3 Nc6 5. Nf3 Bg4 6. Be2 cxd4 7. cxd4 Qb6 8. Nbd2
e6 9. h3 Bh5 10. O-O Nge7 11. a3 Bg6 12. Nb3 h6 13. Nh4 Bh7 14. Be3 Nf5 15. Nxf5
Bxf5 16. Rc1 Be7 17. Rc3 Rb8 18. Qd2 O-O 19. Bxh6 gxh6 20. Qxh6 Rfe8 21. Rg3+
Bg6 22. Rxg6+ fxg6 23. Qxg6+ Kf8 24. Bh5 Nd8 25. Qh7 Bg5 26. Qh8+ Ke7 27. Qxe8#
{Black checkmated} 1-0

[Event "Team 45 45 League T85"]
[Site "Internet Chess Club"]
[Date "2020.07.23"]
[Round "4"]
[White "Portola"]
[Black "KidRattler"]
[Result "0-1"]
[WhiteElo "1657"]
[BlackElo "1685"]
[Opening "Torre attack (Tartakower variation)"]
[ECO "D03"]
[Time "07:32:39"]
[TimeControl "2700+45"]

1. d4 d5 2. Nf3 Nf6 3. Bg5 Ne4 4. Bh4 c5 5. e3 Nc6 6. c3 Qb6 7. Qb3 c4 8. Qxb6
axb6 9. Nbd2 Bf5 10. Be2 f6 11. Nxe4 Bxe4 12. O-O e6 13. Nd2 Bg6 14. Bg3 Kd7 15.
Bf3 Bd3 16. Rfe1 f5 17. Be2 Bxe2 18. Rxe2 b5 19. Nf3 Bd6 20. Bxd6 Kxd6 21. Ng5
Ke7 22. f3 Kf6 23. Nh3 Ra6 24. Nf2 Rha8 25. a3 h5 26. Rd1 Re8 27. e4 Ne7 28. e5+
Kf7 29. Nh3 Kg6 30. f4 Nc6 31. Ng5 Nd8 32. Re3 Nf7 33. Nh3 Nh6 34. Ng5 Nf7 35.
Nf3 Rg8 36. h4 Nh6 37. Ng5 Ng4 38. Rg3 Rf8 39. Rf3 Kh6 40. g3 g6 41. Rd2 Kg7 42.
Re2 Nh6 43. Kg2 Nf7 44. Nh3 Rc8 45. Nf2 Kf8 46. Nd1 Ke7 47. Ne3 Nd8 48. Nd1 Kd7
49. Nf2 Kc6 50. Nh3 Nf7 51. Nf2 Kb6 52. Nh3 Ka5 53. Nf2 Ka4 54. Nd1 Kb3 55. Rd2
Nd8 56. Re3 Nc6 57. Nf2 Nd8 58. Nh3 Nf7 59. Nf2 Rac6 60. Nd1 Nh6 61. Nf2 Ng4 62.
Rf3 Nxf2 63. Kxf2 b4 64. axb4 Ra6 65. Kg2 Ra1 66. Rff2 Rca8 67. Kf3 R8a2 68. Ke3
Rb1 69. Rfe2 Rbxb2 70. Rxb2+ Rxb2 71. Rxb2+ Kxb2 72. Kd2 b5 {White resigns} 0-1

[Event "Team 45 45 League T85"]
[Site "Internet Chess Club"]
[Date "2020.07.26"]
[Round "4"]
[White "ascoli"]
[Black "Ajolote"]
[Result "0-1"]
[WhiteElo "1606"]
[BlackElo "1978"]
[Opening "Réti: King's Indian attack (Barcza system)"]
[ECO "A07"]
[Time "14:00:42"]
[TimeControl "2700+45"]

1. Nf3 d5 2. g3 Nf6 3. Bg2 Bf5 4. O-O e6 5. d3 h6 6. c4 c6 7. Nbd2 Be7 8. Qb3
Qb6 9. Qxb6 axb6 10. cxd5 exd5 11. Re1 Bh7 12. Nf1 O-O 13. Be3 Nbd7 14. Bh3 b5
15. Rec1 c5 16. b4 b6 17. bxc5 bxc5 18. Rcb1 Rfb8 19. Bf4 Rb6 20. Ne5 Nxe5 21.
Bxe5 c4 22. a4 b4 23. Bd4 Rba6 24. Ne3 Rxa4 25. Rxa4 Rxa4 26. Bxf6 Bxf6 27. Nxd5
b3 28. Nxf6+ gxf6 29. Bd7 Rb4 {White resigns} 0-1

[Event "Team 45 45 League T85"]
[Site "Internet Chess Club"]
[Date "2020.07.25"]
[Round "4"]
[White "hipopotamos"]
[Black "Threehundreds"]
[Result "0-1"]
[WhiteElo "1661"]
[BlackElo "1524"]
[Opening "Four knights: Italian variation"]
[ECO "C47"]
[Time "20:00:17"]
[TimeControl "2700+45"]

1. e4 e5 2. Nf3 Nc6 3. Nc3 Nf6 4. Bc4 Nxe4 5. Nxe4 d5 6. Bd3 dxe4 7. Bxe4 Bd6 8.
d3 Bd7 9. O-O O-O 10. Be3 Re8 11. c3 h6 12. Qc2 Qf6 13. Rad1 Bf5 14. Bxc6 bxc6
15. Qa4 Bd7 16. Qe4 Qe6 17. b3 Qf5 18. Qc4 Qe6 19. Qh4 Qg4 20. h3 Qxh4 21. Nxh4
a6 22. f4 exf4 23. Bxf4 Bxf4 24. Rxf4 g5 25. Rd4 Be6 26. Nf3 Red8 27. Ra4 f6 28.
Re1 Kf7 29. Nd4 Bd7 30. Ra5 Re8 31. Rxe8 Rxe8 32. Rxa6 Re3 33. Nxc6 Rxd3 34. c4
Rd6 35. Nd8+ Ke7 36. Rxd6 cxd6 37. Nb7 Bc6 38. Na5 Be4 39. Kf2 Kd7 40. Ke3 Bxg2
41. b4 Bxh3 42. Nb3 Be6 43. Nd2 h5 44. a4 h4 45. Kf3 f5 46. a5 g4+ 47. Kf4 h3
48. Kg3 d5 49. cxd5 Bxd5 50. Nf1 Kc6 51. Kf4 Be4 52. Kg3 Kb5 53. Kf4 Kxb4 54. a6
Kc3 55. a7 Kd3 56. a8=Q Bxa8 57. Kxf5 Bf3 58. Kf4 Ke2 59. Ng3+ Kf2 60. Nh5 h2
61. Ng3 Kg2 62. Nh1 Kxh1 63. Kg3 Kg1 64. Kf4 h1=Q 65. Ke3 Kf1 66. Kf4 Qh6+ 67.
Kg3 Qd6+ 68. Kh4 g3 69. Kh3 Bg4+ 70. Kh4 g2 71. Kg5 g1=R 72. Kh4 Qf6# {White
checkmated} 0-1

[Event "Team 45 45 League T85"]
[Site "Internet Chess Club"]
[Date "2020.07.24"]
[Round "4"]
[White "ChessG2011"]
[Black "cayo89"]
[Result "1-0"]
[WhiteElo "1537"]
[BlackElo "1680"]
[Opening "Caro-Kann: Tartakower (Nimzovich) variation"]
[ECO "B15"]
[Time "15:07:37"]
[TimeControl "2700+45"]

1. e4 c6 2. d4 d5 3. Nc3 dxe4 4. Nxe4 Nf6 5. Nxf6+ exf6 6. Bf4 Bd6 7. Bxd6 Qxd6
8. Nf3 O-O 9. Be2 Qb4+ 10. c3 Qxb2 11. Qc1 Qxc1+ 12. Rxc1 Re8 13. Kd2 Be6 14. a3
Nd7 15. Rb1 Rab8 16. Rb2 b6 17. Rhb1 c5 18. Bb5 Red8 19. Ke2 Bf5 20. Rc1 cxd4
21. Nxd4 Re8+ 22. Kf1 a6 23. Bxa6 Nc5 24. Nxf5 Nxa6 25. Rcb1 g6 26. Nd6 Re6 27.
Rxb6 Rxd6 28. Rxb8+ Nxb8 29. Rxb8+ Kg7 30. Ke2 Ra6 31. Rb3 f5 32. c4 Ra4 33. Rc3
Kf6 34. c5 Ke7 35. c6 Kd8 36. c7+ Kc8 37. Kd2 Rf4 38. f3 Ra4 39. Kc2 h5 40. Kb3
Rd4 41. a4 h4 42. Rc4 Rd1 43. a5 Rb1+ 44. Ka4 g5 45. a6 Ra1+ 46. Kb5 Rb1+ 47.
Rb4 Rxb4+ 48. Kxb4 Kxc7 49. Kc5 g4 50. fxg4 fxg4 51. Kd5 Kb6 52. Ke5 Kxa6 53.
Kf6 Kb6 54. Kxf7 Kc6 55. Kf6 Kd6 56. Kf5 g3 57. hxg3 hxg3 58. Kf4 Ke6 59. Kxg3
Kf5 60. Kf3 Kg5 61. Kg3 Kf5 62. Kh4 Kg6 63. Kg4 Kf6 64. Kh5 Kg7 65. Kg5 Kh7 66.
Kf6 Kh8 67. g4 Kh7 68. g5 Kg8 69. Kg6 Kh8 70. Kf7 Kh7 71. g6+ {Black resigns}
1-0

[Event "Team 45 45 League T85"]
[Site "Internet Chess Club"]
[Date "2020.07.25"]
[Round "4"]
[White "fireball"]
[Black "buptwy"]
[Result "1-0"]
[WhiteElo "1549"]
[BlackElo "1244"]
[Opening "King's Indian: East Indian defense"]
[ECO "A48"]
[Time "17:01:13"]
[TimeControl "2700+45"]

1. d4 Nf6 2. Nf3 g6 3. Nc3 d5 4. Bf4 Bg7 5. h3 O-O 6. Qd2 a5 7. a4 Bd7 8. g4 c6
9. Bh6 Bxh6 10. Qxh6 b5 11. axb5 cxb5 12. Bg2 Bc6 13. Ne5 Qc7 14. Nxc6 Qxc6 15.
g5 Ne4 16. Nxe4 dxe4 17. c3 Re8 18. Qh4 Qc4 19. Bxe4 Ra7 20. Bd3 Qd5 21. O-O Ra6
22. e4 Qb7 23. f4 Nc6 24. f5 e5 25. d5 Qb6+ 26. Kg2 Ne7 27. f6 Nc8 28. Qh6 Qxf6
29. gxf6 Rxf6 30. Rxf6 {Black resigns} 1-0

[Event "Team 45 45 League T85"]
[Site "Internet Chess Club"]
[Date "2020.07.25"]
[Round "4"]
[White "janh"]
[Black "TwoEqualsOne"]
[Result "1-0"]
[WhiteElo "1920"]
[BlackElo "1813"]
[Opening "Queen's pawn game"]
[ECO "D00"]
[Time "21:19:23"]
[TimeControl "2700+45"]

1. d4 Nf6 2. Nc3 d5 3. Bf4 c6 4. e3 Bf5 5. f3 h6 6. g4 Bh7 7. h4 Nbd7 8. Bd3
Bxd3 9. Qxd3 e6 10. Nge2 Nb6 11. b3 Rc8 12. Kf2 a6 13. Rag1 c5 14. Be5 Nbd7 15.
Bg3 b5 16. Nf4 b4 17. Nce2 cxd4 18. exd4 e5 19. Nh5 e4 20. Qxa6 exf3 21. Kxf3
Nxh5 22. gxh5 Qf6+ 23. Qxf6 Nxf6 24. Rc1 Nxh5 25. c4 bxc3 26. Nxc3 Ba3 27. Rce1+
Kd7 28. Nxd5 Nxg3 29. Kxg3 Rc2 30. Rhf1 f6 31. Rf2 Bd6+ 32. Kf3 Rc6 33. Rg2 Rg8
34. Nxf6+ {Black resigns} 1-0

[Event "Team 45 45 League T85"]
[Site "Internet Chess Club"]
[Date "2020.07.27"]
[Round "4"]
[White "elmaestro"]
[Black "ElValero"]
[Result "0-1"]
[WhiteElo "1672"]
[BlackElo "1747"]
[Opening "French: advance, Paulsen attack"]
[ECO "C02"]
[Time "14:11:53"]
[TimeControl "2700+45"]

1. e4 e6 2. d4 d5 3. e5 c5 4. c3 Nc6 5. Nf3 Nge7 6. Bd3 cxd4 7. cxd4 Nf5 8. Bxf5
exf5 9. Nc3 Be6 10. O-O Be7 11. Qb3 Na5 12. Qb5+ Kf8 13. b3 a6 14. Qd3 h6 15.
Ne2 Rc8 16. Nf4 Qd7 17. Bd2 Nc6 18. a3 g6 19. b4 b5 20. Rac1 Kg7 21. Rc3 Na7 22.
Rfc1 Rc4 23. Qe3 Nc6 24. Rxc4 bxc4 25. Bc3 Na7 26. h3 Qa4 27. Ba1 Nb5 28. Bb2 a5
29. Rxc4 dxc4 30. d5 c3 31. Bxc3 Nxc3 32. dxe6 Ne4 33. Qa7 Re8 34. exf7 Kxf7 35.
Qd4 Rd8 36. e6+ Kg8 37. Qa7 Qd1+ 38. Kh2 Qd6 39. g3 axb4 40. Nxg6 Re8 41. Nd4
Qc5 42. Qa4 Nf6 43. axb4 Qxd4 {White forfeits on time} 0-1

[Event "Team 45 45 League T85"]
[Site "Internet Chess Club"]
[Date "2020.07.25"]
[Round "4"]
[White "andrew37"]
[Black "unicornbookworm"]
[Result "1-0"]
[WhiteElo "1664"]
[BlackElo "1811"]
[Opening "Neo-Grünfeld, 6.O-O"]
[ECO "D77"]
[Time "18:01:56"]
[TimeControl "2700+45"]

1. Nf3 Nf6 2. d4 g6 3. g3 Bg7 4. Bg2 d5 5. O-O O-O 6. c4 dxc4 7. a4 Nc6 8. Na3
Be6 9. Bf4 Bd5 10. e3 e6 11. Nb5 Rc8 12. Bg5 a6 13. Nc3 Qd7 14. Bxf6 Bxf6 15. e4
Rcd8 16. exd5 exd5 17. Re1 Qd6 18. Ne5 Nxe5 19. dxe5 Bxe5 20. Nxd5 c6 21. Nc3
Qxd1 22. Raxd1 Bf6 23. a5 Kg7 24. Bf1 Rxd1 25. Rxd1 Rd8 26. Bxc4 Rxd1+ 27. Nxd1
Bd8 28. Nc3 Bxa5 29. Ne4 b5 30. Bd3 Bb6 31. b4 f5 32. Ng5 h5 33. Kf1 Kf6 34. f4
Bd8 35. Nf3 Be7 36. Ne5 Bxb4 37. Nxc6 Bd6 38. Nd4 h4 39. Kg2 Bc5 40. Nb3 Be3 41.
Kf3 hxg3 42. hxg3 Bb6 43. g4 Ke6 44. gxf5+ gxf5 45. Ke2 Kd5 46. Bxf5 Bc7 47. Kf3
a5 48. Bh7 a4 49. Bg8+ Kc6 50. Nd4+ Kc5 51. Ne6+ Kc6 52. Nxc7 Kxc7 53. Ke4 Kd7
54. Kd4 Ke7 55. Ke5 b4 56. Bc4 b3 57. f5 Kf8 58. Kf6 b2 59. Ba2 a3 60. Bb1 Ke8
61. Kg7 Ke7 62. f6+ Ke8 63. f7+ Kd7 64. f8=Q Kc7 65. Qxa3 Kb8 66. Qe7 Ka8 67.
Be4+ Kb8 68. Qb7# {Black checkmated} 1-0

[Event "Team 45 45 League T85"]
[Site "Internet Chess Club"]
[Date "2020.07.27"]
[Round "4"]
[White "Tufnell"]
[Black "Ajolote"]
[Result "0-1"]
[WhiteElo "1836"]
[BlackElo "1988"]
[Opening "Sicilian: Pelikan, Chelyabinsk variation"]
[ECO "B33"]
[Time "14:03:54"]
[TimeControl "2700+45"]

1. e4 c5 2. Nf3 Nc6 3. d4 cxd4 4. Nxd4 Nf6 5. Nc3 e5 6. Ndb5 d6 7. Bg5 a6 8. Na3
b5 9. Bxf6 gxf6 10. Nd5 Bg7 11. Bd3 Ne7 12. Nxe7 Qxe7 13. O-O f5 14. c4 O-O 15.
Qh5 Rb8 16. exf5 e4 17. Rae1 Bb7 18. Qg4 Rfe8 19. cxb5 Kh8 20. bxa6 Ba8 21. Nb5
d5 22. a7 Rbd8 23. b3 Bf6 24. Kh1 Qb7 25. Be2 d4 26. Bc4 Rg8 27. Qf4 e3 28. f3
Qe7 29. Qc7 Rd7 30. Qb6 Be5 31. Qh6 Bf6 32. Bd3 Qe5 33. Re2 Bg5 34. Qh5 f6 35.
Rc1 Bf4 36. b4 Qe7 37. a3 Bd5 38. Rc5 Bf7 39. Qg4 Rxg4 40. a8=Q+ Rg8 41. Qe4
Qxe4 42. fxe4 Bh5 43. Re1 Rdg7 44. g3 Bf3+ 45. Kg1 Bxg3 46. hxg3 Rxg3+ 47. Kh2
Rg2+ 48. Kh3 R2g5 {White resigns} 0-1

[Event "Team 45 45 League T85"]
[Site "Internet Chess Club"]
[Date "2020.07.25"]
[Round "4"]
[White "JPSVI"]
[Black "room-matt"]
[Result "1/2-1/2"]
[WhiteElo "1765"]
[BlackElo "1776"]
[Opening "Van't Kruijs opening"]
[ECO "A00"]
[Time "01:06:37"]
[TimeControl "2700+45"]

1. e3 d5 2. f4 Nf6 3. Nf3 Bg4 4. h3 Bxf3 5. Qxf3 Nbd7 6. d3 e5 7. e4 dxe4 8.
dxe4 Bb4+ 9. Bd2 Qe7 10. f5 O-O-O 11. a3 Bc5 12. Bc4 Nb6 13. Ba2 Rd7 14. Nc3
Rhd8 15. O-O-O Bxa3 16. Bg5 Qb4 17. bxa3 Qxa3+ 18. Kb1 Na4 19. Nxa4 Qxf3 20.
gxf3 Rxd1+ 21. Rxd1 Rxd1+ 22. Bc1 Rf1 23. Bxf7 Rxf3 24. Nc5 Rxh3 25. Be6+ Kb8
26. Bb2 Rh1+ 27. Ka2 Rh2 28. Kb3 Rh3+ 29. Kc4 b6 30. Nd3 Rh2 31. Nb4 Re2 32.
Nc6+ Kb7 33. Nxe5 Rxc2+ 34. Kb3 Re2 35. Nd3 Re3 36. e5 Rxd3+ 37. Kc2 Rg3 38.
exf6 gxf6 39. Bxf6 Kc6 40. Be5 Rf3 41. f6 a5 42. f7 b5 43. Kd2 Kb6 44. Ke2 Rxf7
45. Bxf7 c5 46. Kd2 a4 47. Kc2 Ka7 48. Kb2 {Game drawn by mutual agreement}
1/2-1/2

[Event "Team 45 45 League T85"]
[Site "Internet Chess Club"]
[Date "2020.07.25"]
[Round "4"]
[White "ChessPlayer2005"]
[Black "cayo89"]
[Result "1-0"]
[WhiteElo "1760"]
[BlackElo "1667"]
[Opening "Caro-Kann: Tartakower (Nimzovich) variation"]
[ECO "B15"]
[Time "12:00:51"]
[TimeControl "2700+45"]

1. e4 c6 2. d4 d5 3. Nc3 dxe4 4. Nxe4 Nf6 5. Nxf6+ exf6 6. Nf3 Bd6 7. Bd3 O-O 8.
O-O Be6 9. Be3 Nd7 10. h3 Nb6 11. b3 Nd5 12. c4 Nf4 13. Bxf4 Bxf4 14. Qc2 g6 15.
Rad1 Rc8 16. Rfe1 Qd7 17. Bf1 b5 18. Qe4 Bd6 19. d5 cxd5 20. cxd5 Bf5 21. Qd4
Kg7 22. Rc1 Qb7 23. g4 Bd7 24. g5 Be5 25. Nxe5 fxe5 26. Qxe5+ Kg8 27. Qd6 Rxc1
28. Rxc1 Rc8 29. Rc5 Rxc5 30. Qxc5 b4 31. Qd6 a5 32. Qc5 a4 33. Bg2 axb3 34.
axb3 Qb5 35. Qxb5 Bxb5 36. Bf1 Bd7 37. f4 Kf8 38. Kf2 Ke7 39. Ke3 Kd6 40. Kd4
Bf5 41. Bg2 Bd7 42. Kc4 Be8 43. Kxb4 Bd7 44. Ka5 Kc5 45. b4+ Kd6 46. b5 Kc7 47.
b6+ Kb7 48. d6+ Kb8 49. b7 Ka7 50. Kb4 Kb8 51. Kc5 {Black resigns} 1-0

[Event "Team 45 45 League T85"]
[Site "Internet Chess Club"]
[Date "2020.07.27"]
[Round "4"]
[White "Eigeneier"]
[Black "janh"]
[Result "1-0"]
[WhiteElo "1941"]
[BlackElo "1904"]
[Opening "QGD semi-Slav"]
[ECO "D43"]
[Time "20:16:56"]
[TimeControl "2700+45"]

1. d4 d5 2. Nf3 Nf6 3. c4 e6 4. Nc3 c6 5. cxd5 exd5 6. Qc2 Be7 7. Bg5 O-O 8. e3
Nbd7 9. Bd3 Re8 10. O-O Nf8 11. Rab1 Bg4 12. Ne5 Bh5 13. b4 a6 14. a4 Rc8 15. b5
axb5 16. axb5 c5 17. Bf5 Ne6 18. Bxf6 Bxf6 19. Bxh7+ Kf8 20. Qf5 cxd4 21. Qxh5
Bxe5 22. Qxe5 dxc3 23. Bc2 Rc5 24. Rbd1 Qc7 25. Qh5 Rd8 26. f4 d4 27. f5 Kg8 28.
Qh4 Nf8 29. exd4 Rxb5 30. f6 Rdd5 31. fxg7 Kxg7 32. Qf6+ Kg8 33. Rd3 Rg5 34. Rh3
Rg7 35. Qh6 {Black resigns} 1-0

[Event "Team 45 45 League T85"]
[Site "Internet Chess Club"]
[Date "2020.07.28"]
[Round "4"]
[White "primerpaso"]
[Black "filmdirector"]
[Result "1-0"]
[WhiteElo "1783"]
[BlackElo "1607"]
[Opening "English: Bremen system with ...g6"]
[ECO "A24"]
[Time "14:10:35"]
[TimeControl "2700+45"]

1. c4 Nf6 2. Nc3 e5 3. g3 g6 4. Bg2 Bg7 5. e4 d6 6. Nge2 Be6 7. b3 Qd7 8. O-O
Bh3 9. Bxh3 Qxh3 10. f3 h5 11. d3 Nbd7 12. Kh1 c6 13. Bg5 Nh7 14. Be3 O-O 15. d4
exd4 16. Nf4 Qxf1+ 17. Qxf1 dxe3 18. Rc1 Ne5 19. h4 f5 20. Ne6 Rf7 21. exf5 Rxf5
22. f4 Ng4 23. Nxg7 Nf2+ 24. Kg2 Kxg7 25. Nd1 Ng4 26. Qe2 Re8 27. Rc3 Rf7 28.
Rd3 Re6 29. Kf1 g5 30. hxg5 Nxg5 31. Nxe3 Ne4 32. Nxg4 hxg4 33. Qxg4+ Rg6 34.
Qh3 d5 35. cxd5 cxd5 36. Qh2 d4 37. Rf3 Rc6 38. Qb2 Rd7 39. Rd3 Nc3 40. Qd2 Ne4
41. Qe2 Nf6 42. Kg2 Kf7 43. g4 Re6 44. Qd1 Nd5 45. Qf3 Ne3+ 46. Kg3 Nc2 47. g5
Ne1 48. Qh5+ Kg7 49. f5 Nxd3 50. fxe6 Re7 51. Qh6+ Kg8 52. Qg6+ Rg7 53. Qxd3
Rxg5+ 54. Kf4 Rh5 55. Qg6+ {Black resigns} 1-0

[Event "Team 45 45 League T85"]
[Site "Internet Chess Club"]
[Date "2020.07.23"]
[Round "4"]
[White "timothysmall56"]
[Black "ANGELLR"]
[Result "1-0"]
[WhiteElo "1601"]
[BlackElo "1844"]
[Opening "Queen's bishop game"]
[ECO "D02"]
[Time "19:01:15"]
[TimeControl "2700+45"]

1. d4 d5 2. Nf3 Nf6 3. Bf4 e6 4. h3 Bd6 5. Bxd6 Qxd6 6. e3 Nbd7 7. c3 c6 8. Bd3
e5 9. dxe5 Nxe5 10. Nxe5 Qxe5 11. Nd2 O-O 12. O-O Bd7 13. Nf3 Qh5 14. Nd4 Qg5
15. Qf3 Rfe8 16. Rfe1 Ne4 17. Rad1 Re7 18. Qf4 Qxf4 19. exf4 Rae8 20. f3 Nc5 21.
Rxe7 Rxe7 22. Kf2 Kf8 23. Bc2 g6 24. f5 Na6 25. fxg6 fxg6 26. Re1 Rxe1 27. Kxe1
c5 28. Ne2 Ke7 29. Kf2 b5 30. a3 Kd6 31. Ke3 Nb8 32. b4 Nc6 33. g4 d4+ 34. Kf4
dxc3 35. Nxc3 Nd4 36. Ne4+ Ke7 37. Bd3 c4 38. Bb1 h6 39. h4 Bc6 40. Ke3 Ne6 41.
f4 h5 42. f5 gxf5 43. gxf5 Bxe4 44. Kxe4 Nf8 45. Kd5 Nd7 46. Kc6 a6 47. Kb7 Nf6
48. Kxa6 Kd6 49. Kxb5 c3 50. Kc4 Nd5 51. f6 Nxf6 52. Kxc3 Kd5 53. a4 Nd7 54. Bg6
Nf6 55. a5 Kc6 56. Kb3 Kb5 57. Ka3 Nd5 58. Be8+ Ka6 59. Bxh5 Kb5 60. Be2+ Kc6
61. Bf3 Kd6 62. Bxd5 Kxd5 63. h5 Ke5 64. a6 Kf5 65. a7 Kg5 66. a8=Q Kxh5 67. Qg8
Kh6 68. Kb3 Kh5 69. b5 Kh6 70. b6 Kh5 71. b7 Kh6 72. b8=Q Kh5 73. Qh2# {Black
checkmated} 1-0

[Event "Team 45 45 League T85"]
[Site "Internet Chess Club"]
[Date "2020.07.22"]
[Round "4"]
[White "ElValero"]
[Black "KidRattler"]
[Result "1-0"]
[WhiteElo "1733"]
[BlackElo "1624"]
[Opening "QGD Slav: exchange variation"]
[ECO "D13"]
[Time "09:03:42"]
[TimeControl "2700+45"]

1. Nf3 d5 2. d4 Nf6 3. c4 c6 4. cxd5 cxd5 5. Nc3 Nc6 6. Bf4 e6 7. e3 Bd6 8. Bg3
O-O 9. Rc1 a6 10. Bd3 h6 11. O-O Bxg3 12. hxg3 Qd6 13. a3 b5 14. b4 Bb7 15. Bb1
Rad8 16. Qd3 e5 17. dxe5 Nxe5 18. Nxe5 Qxe5 19. Rfd1 g6 20. Ne2 Rfe8 21. Nf4 Re7
22. Nxg6 fxg6 23. Qxg6+ Rg7 24. Qxh6 Rf8 25. Rd4 Qh5 26. Qxh5 Nxh5 27. Ba2 Nf6
28. e4 Rd8 29. Rc5 Kf8 30. exd5 Rgd7 31. Rf4 Kg7 32. d6 Rxd6 33. Rg5+ Kf8 34.
Rg8+ Ke7 35. Rg7+ Ke8 36. Rxb7 Nd7 37. g4 Rh6 38. g5 Rh8 39. g3 Ke7 40. g6 Kd6
41. g7 Rhe8 42. g8=Q Rxg8 43. Bxg8 Kc6 44. Ra7 Kb6 45. Rxd7 Rxd7 46. Rf6+ Ka7
47. Rf7 Rxf7 48. Bxf7 Kb6 49. g4 a5 50. g5 axb4 51. axb4 Kc7 52. g6 Kd6 53. g7
Ke5 54. g8=Q Kf6 55. Qg6+ Ke7 56. Qe6+ Kf8 57. Be8 Kg7 58. Kg2 Kh8 59. Kg3 Kg7
60. Kg4 Kh7 61. Kg5 Kh8 62. Bxb5 Kg7 63. Qe7+ Kh8 64. Kg6 Kg8 65. Qe8# {Black
checkmated} 1-0

[Event "Team 45 45 League T85"]
[Site "Internet Chess Club"]
[Date "2020.07.22"]
[Round "4"]
[White "QuieroAprender"]
[Black "Gojira"]
[Result "1/2-1/2"]
[WhiteElo "1534"]
[BlackElo "1618"]
[Opening "Queen's pawn, Mason variation"]
[ECO "D00"]
[Time "20:14:56"]
[TimeControl "2700+45"]

1. d4 d5 2. Bf4 Nf6 3. e3 c6 4. Nd2 Bf5 5. Ngf3 e6 6. c3 Bd6 7. Bg3 h6 8. Be2
Qc7 9. Ne5 Nbd7 10. Ndf3 Ne4 11. Nxd7 Qxd7 12. Bxd6 Qxd6 13. Ne5 Nf6 14. Qb3 Qc7
15. a4 Qb6 16. Qa3 a5 17. b4 Nd7 18. Nxd7 Kxd7 19. b5 Rhb8 20. O-O Qc7 21. Rac1
Qd6 22. Qxd6+ Kxd6 23. c4 dxc4 24. Bxc4 Rc8 25. Rfd1 Be4 26. f3 Bd5 27. Bxd5
exd5 28. bxc6 Rxc6 29. Rxc6+ Kxc6 30. Rc1+ Kd6 31. Rc5 b6 32. Rb5 Kc6 33. Kf2
Re8 34. Ke2 f5 35. g4 fxg4 36. fxg4 g5 37. h3 Re4 {Game drawn by mutual
agreement} 1/2-1/2

[Event "Team 45 45 League T85"]
[Site "Internet Chess Club"]
[Date "2020.07.26"]
[Round "4"]
[White "evan7284"]
[Black "kabindra"]
[Result "0-1"]
[WhiteElo "1629"]
[BlackElo "1764"]
[Opening "Queen's pawn, Mason variation"]
[ECO "D00"]
[Time "15:05:46"]
[TimeControl "2700+45"]

1. d4 d5 2. Bf4 Bf5 3. Nc3 e6 4. e3 Nc6 5. g4 Bg6 6. h4 h5 7. a3 Nf6 8. g5 Ne4
9. Nxe4 Bxe4 10. f3 Bg6 11. Bd3 Bd6 12. Bxg6 Bxf4 13. Bxf7+ Kxf7 14. exf4 Qd6
15. Qd2 Rhf8 16. Ne2 g6 17. O-O-O b5 18. Rde1 a5 19. Qd3 Rab8 20. Qd2 a4 21. f5
exf5 22. Nf4 Rfe8 23. Rxe8 Rxe8 24. c3 Na5 25. Qh2 Re3 26. Qg3 Nb3+ 27. Kc2 c5
28. dxc5 Qxc5 29. Nd3 Nd4+ 30. Kd2 Nxf3+ 31. Kc2 Qc4 32. Ne5+ Rxe5 33. Qxf3 Qe4+
34. Qxe4 dxe4 35. Rd1 Ke7 {White resigns} 0-1

[Event "Team 45 45 League T85"]
[Site "Internet Chess Club"]
[Date "2020.07.25"]
[Round "4"]
[White "VictorRed"]
[Black "Tjet"]
[Result "1-0"]
[WhiteElo "1555"]
[BlackElo "1300"]
[Opening "Sicilian: Grand Prix attack"]
[ECO "B21"]
[Time "21:06:58"]
[TimeControl "2700+45"]

1. e4 c5 2. f4 e6 3. Nf3 g6 4. Bb5 Nc6 5. O-O Bg7 6. Nc3 Nge7 7. d3 O-O 8. Ne2
a6 9. Ba4 b5 10. Bb3 Bb7 11. c3 Na5 12. Bc2 Qc7 13. Be3 c4 14. d4 d5 15. e5 Nac6
16. g4 b4 17. Ng3 bxc3 18. bxc3 f5 19. Ng5 Bc8 20. h4 Nd8 21. h5 Nf7 22. Rf2
Nxg5 23. fxg5 fxg4 24. Rxf8+ Kxf8 25. hxg6 hxg6 26. Qxg4 Nf5 27. Rf1 Kg8 28.
Nxf5 exf5 29. Qf3 Be6 30. Rf2 Kf7 31. Bd1 Rh8 32. Bc1 Qb6 33. Rb2 Qa7 34. Kg2
Rb8 35. Qf2 Rxb2 36. Qxb2 Bc8 37. Bf3 Be6 38. Qb4 Bf8 39. Qa5 Qb7 40. Qd8 Bg7
41. Ba3 Qd7 42. Qxd7+ Bxd7 43. Bxd5+ Be6 44. Bb7 a5 45. Kf3 Ke8 46. Kf4 Kd7 47.
d5 Bg8 48. Bc6+ Kc7 49. Bd6+ Kb6 50. Ke3 Bf7 51. Kd4 Be6 52. Kxc4 f4 53. Kd4 Bf5
54. a4 f3 55. Ke3 Bg4 56. c4 Bxe5 57. Bxe5 Kc5 58. Bb5 f2 59. Kxf2 Bc8 60. Ke3
Bb7 61. d6 Bc8 62. Bd4+ Kxd6 63. Bb6 Bd7 64. Bxd7 Kxd7 65. Bxa5 Kc6 66. Kd4
{Black resigns} 1-0

[Event "Team 45 45 League T85"]
[Site "Internet Chess Club"]
[Date "2020.07.25"]
[Round "4"]
[White "kingsrook"]
[Black "Toalla"]
[Result "1-0"]
[WhiteElo "1170"]
[BlackElo "1186"]
[Opening "QGD: 3.Nc3"]
[ECO "D31"]
[Time "14:02:36"]
[TimeControl "2700+45"]

1. d4 d5 2. c4 e6 3. Nc3 Bb4 4. Bd2 Nf6 5. a3 Bxc3 6. Bxc3 O-O 7. e3 Re8 8. Nf3
Nbd7 9. Bd3 c6 10. O-O e5 11. dxe5 Ng4 12. Qc2 g6 13. cxd5 Ndxe5 14. Nxe5 Nxe5
15. Be4 cxd5 16. Rad1 Qc7 17. Bxd5 Rb8 18. Qe4 Bf5 19. Qf4 Qe7 20. e4 Bd7 21.
Bxe5 Qxe5 22. Qxf7+ Kh8 23. Qxd7 b6 24. Rd2 a5 25. f4 Qg7 26. Qxg7+ Kxg7 27. e5
Rf8 28. e6 Rfe8 29. Bf3 Kf6 30. Bg4 h6 31. Re1 h5 32. Bh3 Rb7 33. Rd6 Ree7 34.
Kf1 b5 35. Rd7 Rb6 36. Rxe7 Kxe7 37. Rd1 Rb7 38. Rd7+ Rxd7 39. exd7 Kd8 40. Ke2
b4 41. axb4 axb4 42. Kd3 {Black resigns} 1-0

[Event "Team 45 45 League T85"]
[Site "Internet Chess Club"]
[Date "2020.07.23"]
[Round "4"]
[White "cayo89"]
[Black "Yedixon"]
[Result "1-0"]
[WhiteElo "1704"]
[BlackElo "1602"]
[Opening "Nimzovich-Larsen attack"]
[ECO "A01"]
[Time "20:12:51"]
[TimeControl "2700+45"]

1. b3 d6 2. Bb2 e5 3. e4 f5 4. Nc3 Nf6 5. d3 Be7 6. g3 O-O 7. Bg2 c6 8. Nf3 Qe8
9. Qe2 a5 10. O-O Nh5 11. exf5 Bxf5 12. Rfe1 Qf7 13. h3 Bxh3 14. Bxh3 Qxf3 15.
Qxf3 Rxf3 16. Bg4 {Black resigns} 1-0